 Dungeon Crawl Stone Soup version 0.26.1-11-gd32895ea62 (webtiles) character file.

Game seed: 4003157436773815220

202 patchburns1 the Skirmisher (level 5, -12/47 HPs)
             Began as a Minotaur Fighter on June 7, 2021.
             Was an Initiate of the Shining One.
             Killed by divine providence
             ... invoked by an orc priest
              (13 damage)
             ... on level 4 of the Dungeon.
             The game lasted 00:10:23 (2645 turns).

patchburns1 the Skirmisher (Minotaur Fighter)       Turns: 2645, Time: 00:10:25

Health: -12/47     AC:  9    Str: 20    XL:     5   Next: 50%
Magic:  5/5        EV:  6    Int:  6    God:    the Shining One [......]
Gold:   136        SH:  9    Dex: 10    Spells: 4/4 levels left

rFire    . . .     SeeInvis .   a - +0 long sword
rCold    . . .     Faith    .   c - +0 kite shield
rNeg     . . .     Spirit   .   y - +0 chain mail
rPois    .         Reflect  .   (helmet restricted)
rElec    .         Harm     .   (no cloak)
rCorr    .         Rampage  .   (no gloves)
Will     .....                  (no boots)
Stlth    ..........             (no amulet)
HPRegen  0.15/turn              (no ring)
MPRegen  0.09/turn              (no ring)

@: lethally poisoned (-12 -> -22), glowing
A: retaliatory headbutt, horns 2
a: Renounce Religion


You were on level 4 of the Dungeon.
You worshipped the Shining One.
The Shining One was noncommittal.
You visited 1 branch of the dungeon, and saw 4 of its levels.

You collected 136 gold pieces.

Inventory:

Hand Weapons
 a - a +0 long sword (weapon)
 g - a +0 spear
 x - a +0 hunting sling
Missiles
 e - 161 stones
 p - 24 poisoned darts (quivered)
 q - 70 bolts
 t - 14 boomerangs
 v - 61 sling bullets
Armour
 b - a +0 scale mail
 c - a +0 kite shield (worn)
 y - a +0 chain mail (worn)
Jewellery
 A - a cursed ring of protection from cold {unknown}
 E - an uncursed amulet of guardian spirit {unknown}
Wands
 C - a wand of flame (24)
Scrolls
 f - 9 scrolls of identify {unknown}
 i - a scroll of magic mapping {unknown}
 k - a scroll of enchant weapon {unknown}
 l - 2 scrolls of fear {unknown}
 r - 2 scrolls of fog {unknown}
 w - 2 scrolls of noise {unknown}
 B - 3 scrolls of remove curse {unknown}
 D - a scroll of random uselessness {unknown}
 F - a scroll of enchant armour {unknown}
Potions
 d - a potion of might
 h - a potion of lignification {unknown}
 j - 3 potions of mutation {unknown}
 m - a potion of ambrosia {unknown}
 n - a potion of heal wounds {unknown}
 o - a potion of flight {unknown}
 s - a potion of curing {unknown}
 u - a potion of magic {unknown}
 z - a potion of degeneration {unknown}


   Skills:
 * Level 4.8 Fighting
 + Level 3.2 Long Blades
 + Level 4.2 Armour
 + Level 1.5 Dodging
 + Level 1.0 Stealth
 + Level 4.2 Shields
 * Level 1.9 Invocations
 + Level 1.1 Evocations


You had 4 spell levels left.
You didn't know any spells.
Your spell library was empty.

Dungeon Overview and Level Annotations

Branches:
Dungeon (4/15)
 Temple: D:4-7

Altars:
Elyvilon
Xom
The Shining One


Innate Abilities, Weirdness & Mutations

You reflexively headbutt those who attack you in melee.
You have a pair of horns on your head.


Message History

You hear some strange, mumbled words.
A magic dart appears from out of thin air!
The magic dart hits you! The Shining One protects you from harm!
You block the scorpion's attack.
You hear some strange, mumbled words.
Something tries to affect you, but you resist.
You hit the scorpion but do no damage. Your headbutt misses the scorpion.
The scorpion is almost dead.
* * * LOW HITPOINT WARNING * * *
You feel sick.
The scorpion stings you but does no damage.
Something hits you but does no damage.
You hit the scorpion.
You kill the scorpion!
* * * LOW HITPOINT WARNING * * *
You feel sick. Something hits you but does no damage.
The orc priest calls down the wrath of Beogh upon you.
Beogh smites you!
You die...

#... #...
###...########
.............#
.........<...###
.................
#......o##.##....
#.#...#{# ... ...
....o #@# ..... .
#.#. #†# ...... #
# #.. ......
.......... #...?
###... ...# .#.#


You could see an orc priest.

Vanquished Creatures
  A scorpion (D:4)
  An orc priest (D:4)
  Natasha (twice) (D:3)
  6 adders
  2 worms
  A dart slug (D:1)
  2 leopard geckos (D:3)
  2 orcs (D:3)
  2 giant cockroaches
  5 goblins
  6 hobgoblins
  7 jackals (D:3)
  A quokka (D:3)
  8 bats
  3 frilled lizards
  4 kobolds
  5 rats
58 creatures vanquished.

Notes
Turn   | Place    | Note
-------+----------+-------------------------------------------
     0 | D:1      | patchburns1 the Minotaur Fighter began the quest for the
                  | Orb.
     0 | D:1      | Reached XP level 1. HP: 19/19 MP: 0/0
   339 | D:1      | Reached XP level 2. HP: 27/27 MP: 1/1
   935 | D:2      | Reached XP level 3. HP: 25/33 MP: 2/2
   939 | D:2      | Reached skill level 1 in Invocations
  1785 | D:3      | Noticed Natasha
  1788 | D:3      | Killed Natasha
  1789 | D:3      | Reached skill level 1 in Dodging
  1789 | D:3      | Reached XP level 4. HP: 41/41 MP: 2/4
  1871 | D:3      | Found a shimmering altar of Xom.
  1873 | D:3      | Found a stormy altar of Qazlal.
  1873 | D:3      | Found a broken altar of Ashenzari.
  1875 | D:3      | Found a stormy altar of Qazlal.
  1875 | D:3      | Found a burning altar of Makhleb.
  1875 | D:3      | Found a burning altar of Makhleb.
  1966 | D:3      | Found a glowing golden altar of the Shining One.
  2005 | D:3      | Noticed Natasha
  2014 | D:3      | Killed Natasha
  2015 | D:3      | Reached skill level 1 in Evocations
  2023 | D:3      | Reached XP level 5. HP: 47/47 MP: 5/5
  2048 | D:3      | Became a worshipper of the Shining One
  2162 | D:3      | Found a white marble altar of Elyvilon.
  2421 | D:3      | Reached skill level 1 in Stealth
  2643 | D:4      | The Shining One protects you from harm!
  2645 | D:4      | HP: 1/47 [poisoned by a scorpion]
  2645 | D:4      | Killed from afar by an orc priest

Illustrated notes

Levels and vault maps discovered:
D:1:      lightli_arrival_isolated_outpost, layout_basic,
          kennysheep_pointless_box, minmay_small_reverse_x
D:2:      minmay_spotlight, layout_loops_cross
D:3:      minmay_door_path, layout_loops_ring, tso_metal_star, elyvilon_altar_1,
          doesnt_xom_only_xom, uniq_natasha
D:4:      layout_loops_cross, uniq_robin

Skill      XL: |  1  2  3  4  5 |
---------------+----------------+-----
Fighting       | 4 |  4.8
Invocations    | 1 |  1.9
Armour         | 4 |  4.2
Dodging        | 1 |  1.5
Shields        | 4 |  4.2
Long Blades    | 3 |  3.2
Evocations     | 1 |  1.1
Stealth        | 1 |  1.0

Action                   |  1- 3 |  4- 6 || total
-------------------------+-------+-------++-------
Melee: Long sword        |    73 |    80 ||   153
       Headbutt          |     8 |    13 ||    21
Armor: Scale mail        |    53 |       ||    53
       Chain mail        |     4 |    45 ||    49
Dodge: Dodged            |    37 |    12 ||    49
Block: Kite shield       |    50 |    37 ||    87
       Rpst.: Long sword |     8 |     3 ||    11
